 Dungeon Crawl Stone Soup version 0.31.0-11-ge490571c62 (webtiles) character file.

Game seed: 2558884536401072533

263940 Gabide the Acrobat (level 20, 0/132 (144) HPs)
             Began as a Tengu Monk on Feb 2, 2024.
             Was the Champion of Dithmenos.
             Killed from afar by a shadow dragon (59 damage)
             ... with a bolt of negative energy
             ... on level 2 of the Depths on Feb 8, 2024.
             The game lasted 02:50:30 (44538 turns).

Gabide the Acrobat (Tengu Monk)                    Turns: 44538, Time: 02:50:30

HP:   0/132 (144)   AC: 10    Str: 18    XL:     20   Next: 3%
MP:   21/21         EV: 61    Int: 21    God:    Dithmenos [******]
Gold: 191           SH: 16    Dex: 32    Spells: 19/19 levels left

rFire   + + .        a - +9 quick blade of Fedhas's Castigation {spect, Str+3}
rCold   + . .        S - +2 buckler
rNeg    . . .        p - +4 robe of Augmentation {Str+4 Int+4 Dex+4}
rPois   +            (helmet restricted)
rElec   +            s - +0 cloak
rCorr   +            e - +2 pair of gloves of Pandemonium {Dex+4}
SInv    +            (boots unavailable)
Will    ++...        c - amulet of reflection
Stlth   ++++++++++   G - ring "Modupil" {^Drain rF+ EV+5 Int+4}
HPRegen 0.42/turn    E - ring of willpower
MPRegen 0.17/turn

%: reflection, acrobat
@: resistant, acrobatic, flying, wreathed by umbra, drained
A: beak, talons 3, evasive flight, acrobatic, see invisible, screaming 1
}: 2/15 runes: serpentine, barnacled
a: Renounce Religion, Shadow Step, Shadow Form


You were on level 2 of the Depths.
You worshipped Dithmenos.
Dithmenos was exalted by your worship.
You visited 7 branches of the dungeon, and saw 33 of its levels.
You also visited: Sewer and Ice Cave.

You collected 2755 gold pieces.
You spent 2564 gold pieces at shops.

Inventory:

Hand Weapons
 a - the +9 quick blade of Fedhas's Castigation (weapon) {spect, Str+3}
   (You took it off a merfolk on level 13 of the Dungeon)

   Str+3:     It affects your strength (+3).
 b - the +3 rapier of Salt {heavy, rPois rC+ Will+ Int+3}
   (You found it on level 5 of the Lair of Beasts)

   Int+3:     It affects your intelligence (+3).
   rC+:       It protects you from cold.
   rPois:     It protects you from poison Will+: It increases your willpower.
 x - a +1 demon blade of freezing
Missiles
 l - 7 throwing nets
 m - 55 boomerangs
 q - 23 javelins (quivered)
 X - 5 silver javelins
Armour
 d - a +1 robe of willpower
 e - the +2 pair of gloves of Pandemonium (worn) {Dex+4}
   (You found it on level 1 of the Lair of Beasts)

   Dex+4:     It affects your dexterity (+4).
 o - a +0 kite shield of reflection
 p - the +4 robe of Augmentation (worn) {Str+4 Int+4 Dex+4}
   (You bought it in a shop on level 5 of the Dungeon)

   Str+4:     It affects your strength (+4).
   Int+4:     It affects your intelligence (+4).
   Dex+4:     It affects your dexterity (+4).
 r - an orb of wrath
 s - a +0 cloak (worn)
 N - a +1 robe of resistance
 S - a +2 buckler (worn)
 T - a +1 scale mail of willpower
Jewellery
 c - an amulet of reflection (around neck)
 A - a +4 ring of protection
 E - a ring of willpower (right hand)
 G - the ring "Modupil" (left hand) {^Drain rF+ EV+5 Int+4}
   (You found it on level 8 of the Dungeon)

   [ring of evasion]

   EV+5:      It affects your evasion (+5).
   Int+4:     It affects your intelligence (+4).
   rF+:       It protects you from fire.
   ^Drain:    It drains your maximum health when unequipped.
 V - a ring of positive energy
 Y - a ring of protection from fire
 Z - the ring of the Frog {rC+ rCorr Stlth+}
   (You found it on level 4 of the Shoals)

   [ring of resist corrosion]

   rC+:       It protects you from cold.
   rCorr:     It protects you from acid and corrosion.
   Stlth+:    It makes you more stealthy.
Wands
 y - a wand of flame (66)
 B - a wand of polymorph (16)
 L - a wand of mindburst (13)
 R - a wand of iceblast (14)
Scrolls
 g - 2 scrolls of noise
 j - 7 scrolls of identify
 k - 10 scrolls of vulnerability
 n - a scroll of poison
 C - 5 scrolls of teleportation
 D - a scroll of torment
 F - 4 scrolls of fog
 K - 3 scrolls of blinking
 W - 3 scrolls of enchant weapon
Potions
 f - 4 potions of haste
 h - 2 potions of ambrosia
 i - 4 potions of lignification
 t - 2 potions of cancellation
 u - 6 potions of curing
 v - 4 potions of magic
 w - a potion of might
 z - 2 potions of resistance
 J - a potion of attraction
 M - 5 potions of enlightenment
 O - a potion of invisibility
Miscellaneous
 U - a condenser vane


   Skills:
 - Level 21.0 Fighting
 + Level 17.2(19.3) Short Blades
 - Level 14.8(18.2) Long Blades
 - Level 21.0 Dodging
 - Level 9.0 Stealth
 - Level 9.0 Shields


You had 19 spell levels left.
You didn't know any spells.
Your spell library contained the following spells:

 Spells                   Type           Power      Damage    Failure   Level
 Foxfire                  Conj/Fire      0%         2x1d4     22%         1
 Kiss of Death            Conj/Necr      0%         2d5       22%         1
 Necrotise                Necr           0%         1d4       22%         1
 Shock                    Conj/Air       0%         1d3       22%         1
 Slow                     Hex            0%         N/A       22%         1
 Cigotuvi's Dreadful Rot  Necr/Alch/Air  0%         N/A       32%         2
 Ensorcelled Hibernation  Hex/Ice        0%         N/A       32%         2
 Confusing Touch          Hex            0%         N/A       54%         3
 Frozen Ramparts          Ice            0%         1d1       54%         3
 Fugue of the Fallen      Necr           0%         N/A       54%         3
 Gell's Gravitas          Tloc           0%         N/A       54%         3
 Inner Flame              Hex/Fire       0%         N/A       54%         3
 Ozocubu's Armour         Ice            0%         N/A       54%         3
 Sigil of Binding         Hex            0%         N/A       54%         3
 Swiftness                Air            0%         N/A       54%         3
 Teleport Other           Tloc           0%         N/A       54%         3
 Vampiric Draining        Necr           0%         2d6       54%         3
 Volatile Blastmotes      Fire/Tloc      0%         2d10      54%         3
 Airstrike                Air            0%         2d(0-16)  91%         4
 Anguish                  Hex/Necr       0%         N/A       91%         4
 Cause Fear               Hex            0%         N/A       91%         4
 Dispel Undead            Necr           0%         3d6       91%         4
 Flame Wave               Conj/Fire      0%         2d4       91%         4
 Fulminant Prism          Conj/Alch      0%         3d5       91%         4
 Iskenderun's Mystic Bla  Conj/Tloc      0%         2d3       91%         4
 Leda's Liquefaction      Alch/Erth      0%         N/A       91%         4
 Manifold Assault         Tloc           0%         N/A       91%         4
 Martyr's Knell           Necr/Summ      0%         N/A       91%         4
 Petrify                  Alch/Erth      0%         N/A       91%         4
 Sticky Flame             Fire/Alch      0%         2d4       91%         4
 Alistair's Intoxication  Alch           0%         N/A       99%         5
 Borgnjor's Vile Clutch   Necr/Erth      0%         N/A       99%         5
 Curse of Agony           Necr           0%         N/A       99%         5
 Iskenderun's Battlesphe  Conj           0%         2d6       99%         5
 Metabolic Englaciation   Hex/Ice        0%         N/A       99%         5
 Death Channel            Necr           0%         N/A       100%        6
 Dispersal                Tloc           0%         N/A       100%        6
 Eringya's Noxious Bog    Alch           0%         4d6       100%        6
 Plasma Beam              Fire/Air       0%         2x1d10    100%        6
 Sculpt Simulacrum        Ice/Alch       0%         N/A       100%        6
 Starburst                Conj/Fire      0%         6d3       100%        6
 Enfeeble                 Hex            0%         N/A       100%        7
 Lehudib's Crystal Spear  Conj/Erth      0%         10d2      100%        8


Dungeon Overview and Level Annotations

Branches:
Dungeon (15/15)            Temple (1/1) D:4            Lair (5/5) D:8
 Shoals (4/4) Lair:2        Snake (4/4) Lair:2        Slime (0/5) Lair:4
    Orc (2/2) D:12            Elf (0/3) Orc:2        Vaults (0/5) D:14
 Depths (2/4) D:15          Sewer (visited)           IceCv (visited)

Altars:
Ashenzari
Cheibriados
Dithmenos
Elyvilon
Fedhas
Gozag
Hepliaklqana
Kikubaaqudgha
Makhleb
Nemelex Xobeh
Okawaru
Qazlal
Ru
Sif Muna
Trog
Uskayaw
Vehumet
Wu Jian
Xom
Yredelemnul
Zin
The Shining One
Jiyva

Shops:
D:5 [   D:6 *   D:7 :   D:13 (   Orc:2 =(*[   Shoals:3 (   Snake:1 [=:=[[!*
Snake:2 *(

Portals:
Hell: Depths:1 Depths:2
Abyss: Depths:1
Pandemonium: Depths:2

Annotations:
D:9 2 transporters
D:14 1 runed translucent door
Lair:3 exclusion: 2 oklob plants
Shoals:1 exclusion: oklob plant


Innate Abilities, Weirdness & Mutations

You have a beak for a mouth.
You have claws for feet.
Your magical flight helps you evade attacks. (EV +4)
You can magically evade attacks while moving or waiting.
You have supernaturally acute eyesight. (SInv)
You occasionally shout uncontrollably at your foes.


Message History

Unknown command.
Okay, then.
Okay, then.
You feel protected.
An ettin comes into view.
It is wielding a +0 dire flail and a +2 dire flail of protection.
Unknown command.
The frost giant attacks as it pursues you!
The frost giant completely misses you.
The frost giant attacks as it pursues you!
You block the frost giant's attack.
Unknown command.
The frost giant attacks as it pursues you!
The frost giant misses you.
There is a large open door here.
The frost giant attacks as it pursues you!
You block the frost giant's attack.
There is a large open door here.
The frost giant attacks as it pursues you!
The frost giant completely misses you.
The frost giant attacks as it pursues you!
You block the frost giant's attack.
The tengu reaver gestures at you while chanting.
The bolt of poison misses you.
The frost giant points at you and mumbles some strange words.
The bolt of cold misses you.
An iron troll comes into view.
The iron troll shouts!
You hear a shout! x2; You hear a deafening roar!
The frost giant gestures at you while chanting.
The bolt of cold misses you.
An iron troll comes into view.
There is a large open door here.
You yell at the fire dragon!
A shadow dragon, a fire dragon and a tengu reaver come into view.
The tengu reaver is wielding a +3 vampiric long sword and wearing a +2 buckler of reflection.
You yell at the shadow dragon!
The tengu reaver shouts!
You hear a shout! x2; You hear a loud rustle.
You hear a shout!
The shadow dragon breathes negative energy at you.
The bolt of negative energy hits you!!!
You feel drained.
You die...

..''................''....##
...#.##############.#..)...##
..#### #.....####......## ###
+........###.##..## #
+.)...⌠....##.#8..##
#....)......##.##..##
#######''#.......##.#8..#
.........###.....###.##..
.....)..@#.###..''###.#..
........''.÷.###''..##...
........#..÷..###....##..
######''#.C....##.....#..
#...###..⌠..##....##.


T'D.D ##.....#.....## .TQ... ##.Q..##....#. .##... ##....#....## #..C###....#
You could see a shadow dragon (catching breath), a frost giant, a fire dragon,
an iron troll and 2 tengu reavers.

Vanquished Creatures
  A juggernaut (Depths:2)
  Saint Roka (Snake:4)
  Vashnia (Snake:2)
  A walking crystal tome (Depths:2)
  A tentacled monstrosity (Depths:2)
  The ghost of Meod the Warrior, an adept MiBe of Trog (Shoals:1)
  Mlioglotl (Snake:2)
  A kraken (Shoals:2)
  Polyphemus (Shoals:2)
  A tengu reaver (Depths:2)
  Frances (Snake:1)
  6 nagarajas
  Donald (Orc:2)
  Louise (Snake:2)
  Aizul (Snake:2)
  2 fire giants
  An iron dragon (Depths:2)
  3 frost giants (Depths:1)
  A balrug (Depths:1)
  An orc warlord (Orc:2)
  4 stone giants
  8 very ugly things
  2 spriggan defenders (Depths:1)
  A dire elephant (D:15)
  2 vampire knights (Depths:2)
  2 spark wasps (Depths:2)
  3 jiangshi (Depths:1)
  5 merfolk javelineers
  8 merfolk impalers (Shoals:4)
  The ghost of Purph the Cleaver, a journeyman MiBe of Trog (Lair:1)
  2 fire dragons (Depths:2)
  Harold (D:10)
  A salamander tyrant (Snake:4)
  6 ice dragons
  4 rakshasas
  3 ogre magi
  Erolcha (Orc:1)
  A catoblepas (Shoals:2)
  2 hydras
  3 merfolk aquamancers
  7 anacondas
  6 merfolk avatars
  2 alligator snapping turtles (Shoals:2)
  2 ironbound frosthearts (IceCv)
  12 two-headed ogres
  A tengu warrior (D:13)
  5 centaur warriors
  2 satyrs
  14 naga warriors
  4 boulder beetles
  4 death yaks
  6 deep troll shamans
  3 orc high priests (Orc:2)
  A deep troll earth mage (Depths:1)
  A sun demon (Depths:1)
  Urug (D:13)
  4 shock serpents
  2 vampire magi
  2 occultists
  3 iron trolls (Depths:2)
  19 naga sharpshooters
  6 salamander mystics
  14 sea snakes
  3 skysharks
  A skeletal warrior (D:14)
  7 naga ritualists
  7 deep trolls
  A glowing orange brain (Depths:2)
  2 arcanists (D:14)
  A kraken simulacrum (Shoals:4)
  2 flayed ghosts
  3 phantasmal warriors
  4 mana vipers
  A necromancer (D:14)
  5 orc knights
  13 harpies
  2 wolf spiders
  19 ugly things
  10 cyclopes
  13 salamanders
  A moth of wrath (Lair:1)
  17 manticores
  6 orc sorcerers
  19 fauns
  4 kobold blastminers
  6 merfolk sirens
  4 guardian serpents
  6 meliai
  20 black mambas
  Joseph (D:7)
  13 naga magi
  4 water nymphs
  5 elephants
  A smoke demon (Depths:1)
  The ghost of Pascal76 the Chopper, a novice MiFi (D:5)
  An ice statue (IceCv)
  A gargoyle (D:13)
  12 cane toads
  An unseen horror (D:11)
  4 tengu conjurers
  A spectral naga (Snake:4)
  2 efreet (D:15)
  12 komodo dragons
  4 rime drakes
  5 wind drakes
  11 trolls
  2 trolls (shapeshifter)
  2 hornets
  28 merfolk
  10 polar bears
  24 blink frogs
  11 snapping turtles
  14 slime creatures
  Sigmund (D:5)
  5 spriggans (Lair:1)
  3 shadows
  14 water elementals
  A centaur simulacrum (D:14)
  9 humans (D:14)
  3 wyverns
  4 wraiths
  49 yaks
  2 fire bats (Lair:2)
  3 basilisks
  A warg (Snake:4)
  2 steam dragons (Lair:5)
  4 vampire mosquitoes
  2 acid dragons
  35 nagas
  13 water moccasins
  Duvessa (D:7)
  2 ice beasts (D:5)
  28 orc warriors
  2 sky beasts (D:6)
  3 black bears
  An elephant zombie (D:8)
  A laughing skull (D:14)
  38 wolves
  15 ogres
  3 boggarts
  3 centaurs
  A kobold brigand (D:9)
  A gnoll sergeant (D:8)
  13 bullfrogs
  7 scorpions
  14 wights
  Dowan (D:8)
  2 howler monkeys
  3 lava snakes (Lair:2)
  4 bombardier beetles
  A bullfrog zombie (D:5)
  2 centaur zombies
  2 hounds
  10 jellies
  2 human zombies (D:8)
  22 orc priests
  Ijyb (D:4)
  7 iguanas
  27 orc wizards
  4 scorpion zombies (D:8)
  A killer bee zombie (D:8)
  An ogre zombie (D:8)
  A hound zombie (D:8)
  2 howler monkey zombies (D:8)
  8 gnolls
  A howler monkey skeleton (D:5)
  5 river rats
  4 adders
  A shadow imp (D:6)
  3 white imps
  2 adder zombies (D:8)
  A dart slug (D:2)
  3 ribbon worms
  78 orcs
  5 bats
  21 endoplasms
  8 giant cockroaches
  7 goblins
  7 hobgoblins
  2 jackals (D:1)
  7 kobolds
  3 quokkas
  3 training dummies (Shoals:3)
  16 ball pythons
  9 frilled lizards
  10 rats
1137 creatures vanquished.

Vanquished Creatures (others)
  A manticore (D:14)
  An orc warrior (Orc:2)
  An orc wizard (Orc:2)
  An orc (Orc:1)
  16 spectral weapons
20 creatures vanquished.

Grand Total: 1157 creatures vanquished

Notes
Turn   | Place    | Note
-------+----------+-------------------------------------------
     0 | D:1      | Gabide the Tengu Monk began the quest for the Orb.
     0 | D:1      | Reached XP level 1. HP: 14/14 MP: 2/2
   194 | D:1      | Reached XP level 2. HP: 19/19 MP: 3/3
   395 | D:1      | Reached XP level 3. HP: 23/23 MP: 4/4
  1266 | D:2      | Found a radiant altar of Vehumet.
  1848 | D:3      | Reached XP level 4. HP: 29/29 MP: 5/5
  1891 | D:3      | Found a blossoming altar of Fedhas.
  2047 | D:3      | Reached XP level 5. HP: 14/33 MP: 6/6
  2214 | D:3      | Found a faded altar of an unknown god.
  2737 | D:3      | Identified a scroll of acquirement
  2737 | D:3      | Acquired a +1 pair of gloves of strength
  2900 | D:4      | Found a staircase to the Ecumenical Temple.
  2907 | D:4      | Noticed an ogre
  2935 | D:4      | Killed an ogre
  2936 | D:4      | Reached skill level 5 in Long Blades
  2936 | D:4      | Reached skill level 5 in Dodging
  2936 | D:4      | Reached XP level 6. HP: 30/39 MP: 7/7
  3392 | D:4      | Noticed Ijyb
  3398 | D:4      | Killed Ijyb
  3424 | Temple   | Entered the Ecumenical Temple
  3434 | Temple   | Became a worshipper of Dithmenos the Shadowed
  3434 | Temple   | Reached * piety under Dithmenos
  3434 | Temple   | Reached ** piety under Dithmenos
  3473 | D:4      | Found a sacrificial altar of Ru.
  3476 | D:4      | Found a hazy altar of Hepliaklqana.
  3493 | D:4      | Reached skill level 5 in Fighting
  3945 | D:4      | Gained mutation: Your magical flight helps you evade
                  | attacks. (EV +4) [Tengu growth]
  3945 | D:4      | Reached XP level 7. HP: 44/44 MP: 8/8
  3976 | D:4      | Found a white marble altar of Elyvilon.
  4042 | D:5      | Entered Level 5 of the Dungeon
  4042 | D:5      | Found Totaror's Armour Shoppe.
  4100 | D:5      | Found a runed translucent gate.
  4100 | D:5      | Found a runed translucent gate.
  4100 | D:5      | Found a runed translucent gate.
  4239 | D:5      | Found a glowing drain.
  4250 | Sewer    | Entered a sewer
  4413 | Sewer    | Reached *** piety under Dithmenos
  4452 | Sewer    | Found a viscous altar of Jiyva.
  4460 | Sewer    | Reached XP level 8. HP: 45/51 MP: 9/9
  5120 | D:5      | Noticed Sigmund
  5128 | D:5      | Killed Sigmund
  5562 | D:5      | Reached XP level 9. HP: 25/57 MP: 10/10
  6082 | D:5      | Noticed Pascal76's ghost (novice MiFi)
  6162 | D:5      | Killed Pascal76's ghost
  6470 | D:6      | Reached **** piety under Dithmenos
  7010 | D:6      | Found Cudwihor's Assorted Antiques.
  7750 | D:7      | Reached XP level 10. HP: 61/65 MP: 11/11
  7840 | D:7      | Found Iguusm's Book Emporium.
  8239 | D:7      | Noticed Dowan
  8242 | D:7      | Noticed Duvessa
  8257 | D:7      | Noticed Joseph
  8260 | D:7      | Killed Duvessa
  8400 | D:8      | Killed Dowan
  8489 | D:8      | Noticed a two-headed ogre
  8496 | D:8      | Killed a two-headed ogre
  8497 | D:8      | Reached skill level 10 in Long Blades
  8497 | D:8      | Reached skill level 10 in Dodging
  8685 | D:8      | Reached ***** piety under Dithmenos
  8847 | D:8      | Identified the ring "Modupil" {^Drain rF+ EV+5 Int+4}
  8908 | D:8      | Found an ancient bone altar of Kikubaaqudgha.
  9010 | D:8      | Found a staircase to the Lair.
  9222 | Lair:1   | Entered Level 1 of the Lair of Beasts
  9222 | Lair:1   | Noticed a cane toad
  9230 | D:8      | Killed a cane toad
  9329 | Lair:1   | Noticed a wolf spider
  9339 | D:8      | Reached skill level 10 in Fighting
  9394 | D:8      | Killed a wolf spider
  9395 | D:8      | Reached XP level 11. HP: 67/72 MP: 9/12
  9457 | Lair:1   | Noticed a spriggan rider
  9458 | Lair:1   | Noticed Purph's ghost (journeyman MiBe)
  9459 | Lair:1   | Noticed a moth of wrath
  9470 | Lair:1   | Found a bloodstained altar of Trog.
  9550 | Lair:1   | Found a transporter.
  9555 | Lair:1   | Found a transporter.
 11200 | Lair:2   | Reached XP level 12. HP: 80/80 MP: 13/13
 11457 | Lair:2   | Found a staircase to the Snake Pit.
 11716 | Lair:2   | Found a staircase to the Shoals.
 12373 | Lair:3   | Reached ****** piety under Dithmenos
 12750 | Lair:3   | Found a blossoming altar of Fedhas.
 13287 | Lair:4   | Found a viscous altar of Jiyva.
 13287 | Lair:4   | Found a staircase to the Slime Pits.
 13832 | Lair:4   | Found a white marble altar of Elyvilon.
 14118 | Lair:4   | Reached XP level 13. HP: 87/87 MP: 14/14
 15021 | Lair:5   | Entered Level 5 of the Lair of Beasts
 16347 | Lair:5   | Identified the +3 rapier of Salt {heavy, rPois rC+ Will+
                  | Int+3}
 16648 | D:7      | Killed Joseph
 16922 | D:5      | Bought the +4 robe of Augmentation {Str+4 Int+4 Dex+4} for
                  | 793 gold pieces
 16922 | D:5      | Found the +4 robe of Augmentation {Str+4 Int+4 Dex+4}
 17262 | Lair:5   | Reached skill level 1 in Short Blades
 17717 | D:9      | Found a transporter.
 17777 | D:9      | Found a transporter.
 18222 | D:10     | Entered Level 10 of the Dungeon
 18589 | D:10     | Noticed Harold
 18597 | D:10     | Killed Harold
 18916 | D:10     | Reached skill level 15 in Dodging
 19274 | D:11     | Reached skill level 5 in Short Blades
 19274 | D:11     | Reached XP level 14. HP: 74/96 MP: 11/15
 20141 | Lair:1   | Killed Purph's ghost
 20206 | Lair:1   | Identified the +2 pair of gloves of Pandemonium {Dex+4}
 20390 | D:12     | Found a staircase to the Orcish Mines.
 20435 | D:12     | Found a frozen archway.
 20462 | IceCv    | Entered an ice cave
 20489 | IceCv    | Reached skill level 1 in Stealth
 20489 | IceCv    | Reached skill level 1 in Shields
 21962 | D:13     | Noticed Urug
 21965 | D:13     | Killed Urug
 22250 | D:13     | Found Vytumoraa's Weapon Shop.
 22339 | D:13     | Reached skill level 5 in Stealth
 22867 | D:13     | Reached skill level 5 in Shields
 23074 | D:14     | Reached XP level 15. HP: 88/101 MP: 14/16
 23272 | D:14     | Identified the +9 quick blade of Fedhas's Castigation
                  | {spect, Str+3}
 23275 | D:14     | Found a gate to the Vaults.
 23671 | D:14     | Reached skill level 15 in Fighting
 23785 | D:14     | Found a runed translucent door.
 23792 | D:14     | Reached skill level 10 in Short Blades
 24032 | D:14     | Found an ornate altar of the Wu Jian Council.
 24293 | D:14     | Noticed a fire giant
 24388 | D:14     | Found a runed translucent door.
 24418 | D:14     | Killed a fire giant
 24435 | D:14     | Identified the +4 scimitar "Killer Klown's Foe" {heavy,
                  | rElec rF+ Int+3}
 24448 | D:14     | Got the Papyrus of Ghastly Destruction
 24610 | D:15     | Entered Level 15 of the Dungeon
 25398 | D:15     | Found a staircase to the Depths.
 25615 | D:15     | Reached XP level 16. HP: 96/108 MP: 14/17
 25925 | Orc:1    | Entered Level 1 of the Orcish Mines
 26165 | Orc:1    | Noticed Erolcha
 26172 | Orc:1    | Killed Erolcha
 26386 | Orc:2    | Entered Level 2 of the Orcish Mines
 26481 | Orc:2    | Noticed Donald
 26494 | Orc:2    | Killed Donald
 27028 | Orc:2    | Found a staircase to the Elven Halls.
 27568 | Orc:2    | Found Heoloih's Antique Armour Boutique.
 27569 | Orc:2    | Found Axkeseu's Antique Weapon Boutique.
 27571 | Orc:2    | Found Ownavapn's General Store.
 27571 | Orc:2    | Found Patij's Jewellery Shop.
 27576 | Orc:2    | Bought a scroll of acquirement for 676 gold pieces
 27616 | Orc:2    | Acquired a manual of Dodging
 27636 | Orc:2    | Bought a ring of willpower for 375 gold pieces
 27919 | Shoals:1 | Entered Level 1 of the Shoals
 28424 | Shoals:1 | Found a runed translucent gate.
 28424 | Shoals:1 | Found a runed translucent gate.
 28424 | Shoals:1 | Found a runed translucent gate.
 28426 | Shoals:1 | Noticed Meod's ghost (adept MiBe)
 29633 | Shoals:1 | Killed Meod's ghost
 30001 | Shoals:2 | Noticed Polyphemus
 30522 | Shoals:2 | Noticed a kraken
 30528 | Shoals:2 | Killed a kraken
 30626 | Shoals:2 | Reached XP level 17. HP: 95/116 MP: 13/18
 30867 | Shoals:2 | Killed Polyphemus
 31617 | Shoals:3 | Reached skill level 15 in Short Blades
 31812 | Shoals:3 | Found Janacw's Firing Range.
 32270 | Shoals:4 | Entered Level 4 of the Shoals
 32788 | Shoals:4 | Identified the amulet of Yroqu Ilet {Spirit Int+2}
 32950 | Shoals:4 | Identified the ring of the Frog {rC+ rCorr Stlth+}
 34051 | Shoals:4 | Got a barnacled rune of Zot
 34256 | Snake:1  | Entered Level 1 of the Snake Pit
 34551 | Snake:1  | Found Koimpuv's Antique Armour Shoppe.
 34713 | Snake:1  | Found Miohaato's Antique Armour Boutique.
 34970 | Snake:1  | Found Peabecs's Distillery.
 35066 | Snake:1  | Found Nochuh's Armour Shop.
 35068 | Snake:1  | Noticed Frances
 35073 | Snake:1  | Gained mutation: You occasionally lose the ability to drink
                  | potions when taking damage. [a neqoxec]
 35079 | Snake:1  | Killed Frances
 35086 | Snake:1  | Reached XP level 18. HP: 60/125 MP: 8/19
 35458 | Snake:1  | Found Vaxiackuthra's General Store.
 35671 | Snake:1  | Found Goalica's Jewellery Shop.
 35671 | Snake:1  | Found Awu Veh's Book Shoppe.
 35672 | Snake:1  | Found Cucor's Jewellery Shop.
 35685 | Snake:1  | Bought an amulet of reflection for 390 gold pieces
 35945 | Snake:2  | Noticed Louise
 35960 | Snake:2  | Killed Louise
 36052 | Snake:2  | Noticed Mlioglotl
 36055 | Snake:2  | Killed Mlioglotl
 36104 | Snake:2  | Found a sparkling altar of Nemelex Xobeh.
 36359 | Snake:2  | Found Orghecaul's Antique Weapon Shoppe.
 36359 | Snake:2  | Found Dabodohi's Assorted Antiques.
 36425 | Snake:2  | Identified the serpent talisman of Somewhere Else {rF+}
 36425 | Snake:2  | Noticed Aizul
 36427 | Snake:2  | Killed Aizul
 36583 | Snake:2  | Noticed Vashnia
 36601 | Snake:2  | Killed Vashnia
 36989 | Snake:2  | Identified the +1 long sword of Exchange {vamp, ^Contam
                  | rCorr Dex+2}
 37898 | Snake:3  | Lost mutation: You occasionally lose the ability to drink
                  | potions when taking damage. [potion of mutation]
 37898 | Snake:3  | Gained mutation: You sometimes lose your temper in combat.
                  | [potion of mutation]
 37898 | Snake:3  | Gained mutation: Your magical capacity is low. (-10% MP)
                  | [potion of mutation]
 37898 | Snake:3  | Gained mutation: You are agile. (Dex +4, Str/Int -1)
                  | [potion of mutation]
 37899 | Snake:3  | Lost mutation: You are agile. (Dex +4, Str/Int -1) [potion
                  | of mutation]
 37899 | Snake:3  | Lost mutation: Your magical capacity is low. (-10% MP)
                  | [potion of mutation]
 37899 | Snake:3  | Gained mutation: You occasionally shout uncontrollably at
                  | your foes. [potion of mutation]
 37900 | Snake:3  | Lost mutation: You sometimes lose your temper in combat.
                  | [potion of mutation]
 37900 | Snake:3  | Lost mutation: You occasionally shout uncontrollably at
                  | your foes. [potion of mutation]
 37900 | Snake:3  | Gained mutation: You occasionally shout uncontrollably at
                  | your foes. [potion of mutation]
 37900 | Snake:3  | Gained mutation: You have supernaturally acute eyesight.
                  | (SInv) [potion of mutation]
 38933 | Snake:4  | Entered Level 4 of the Snake Pit
 38935 | Snake:4  | Noticed Saint Roka
 39636 | Snake:4  | Killed Saint Roka
 40955 | Snake:3  | Reached XP level 19. HP: 67/132 MP: 20/20
 41839 | Snake:4  | Got a serpentine rune of Zot
 42107 | Snake:1  | Bought a warped robe for 148 gold pieces
 42107 | Snake:1  | Identified the +1 robe of Kugelin {Str-2 Int+4 SInv} (You
                  | bought it in a shop on level 1 of the Snake Pit)
 42107 | Snake:1  | Bought a fine leather armour for 182 gold pieces
 42107 | Snake:1  | Identified the +1 leather armour of Lisu {Regen+ Dex-5
                  | Slay+3} (You bought it in a shop on level 1 of the Snake
                  | Pit)
 42129 | Snake:1  | Upgraded the game from 0.31.0-9-g3a7656b989 to
                  | 0.31.0-11-ge490571c62
 42416 | Depths:1 | Entered Level 1 of the Depths
 42457 | Depths:1 | Found an iron altar of Okawaru.
 42810 | Depths:1 | Found a one-way gate to the infinite horrors of the Abyss.
 42916 | Depths:1 | Found a gateway to Hell.
 43900 | Depths:2 | Found a one-way gate leading to the halls of Pandemonium.
 44339 | Depths:2 | Noticed a juggernaut
 44348 | Depths:2 | Killed a juggernaut
 44479 | Depths:2 | Noticed a tentacled monstrosity
 44492 | Depths:2 | Killed a tentacled monstrosity
 44493 | Depths:2 | Reached XP level 20. HP: 91/144 MP: 21/21
 44538 | Depths:2 | Killed from afar by a shadow dragon

Illustrated notes

Levels and vault maps discovered:
D:1:      minmay_arrival_shattered_statue, layout_basic
D:2:      layout_basic, basic_altar, minmay_misc_feat_ornament
D:3:      layout_basic, nicolae_overflow_crystal_walls,
          chequers_ecumenical_altar_grove
D:4:      layout_loops_ring, chequers_temple_overflow_statue_of_worship,
          lemuel_coloured_pillars_altar, minmay_temple_entry_arrows, uniq_ijyb
D:5:      layout_cave_pods, gammafunk_ghost_necromancy, serial_shops, shop,
          portal_sewer_entry_e, uniq_sigmund
D:6:      minmay_angry_zag, layout_loops_corners, serial_shops,
          nicolae_shop_tiny_statue_garden, nicolae_hexahallways,
          kennysheep_decorative_pillar
D:7:      layout_cave_pools, serial_shops, shop,
          nicolae_elevator_lobby_asterisk, uniq_joseph, uniq_duvessa
D:8:      layout_loops_cross, lair_entry_dummy, roadster_capsule_ark_zombie
D:9:      gammafunk_steamed_eel, layout_gridville, bh_walls_and_bars
D:10:     layout_roguey, uniq_harold
D:11:     layout_grid_maze
D:12:     layout_loops_cross, orc_0_dummy, portal_ice_cave_rime
D:13:     layout_loops_ring, serial_shops, shop, uniq_urug
D:14:     minmay_expanding_circles, layout_irregular_city, david_vaults_1,
          hangedman_abyss_or_decor_jellyfish_corner, roadster_trireme
D:15:     hangedman_depths_entry_try_elsewhere_first, layout_stronghold,
          nicolae_burly_brawl
Temple:   nicolae_temple_two_arcs
Lair:1:   layout_regular_city, gammafunk_ghost_wrathful_warriors, serial_forest,
          infiniplex_forest_clump_small, infiniplex_forest_lined_2,
          infiniplex_forest_fountain, infiniplex_forest_corner_2,
          infiniplex_forest_straight_5, infiniplex_forest_lined_3_way,
          infiniplex_forest_straight_2, infiniplex_forest_clump_diagonal,
          nicolae_lair_run_with_the_wolves
Lair:2:   layout_gridlike, elwin_shoals_entry_rooms,
          nicolae_snake_entry_warm_welcome
Lair:3:   beast_lair_carwin_large_1, layout_chaotic_city, hangedman_tree_tricks
Lair:4:   layout_cave_pods, nicolae_slime_entry_slimehenge, basic_altar
Lair:5:   gammafunk_lair_ancient_temple, layout_cellular_growth
Shoals:1: layout_shoals, ebering_ghost_rock_garden, lemuel_oklob_altar
Shoals:2: layout_shoals, uniq_polyphemus
Shoals:3: layout_shoals, nicolae_shop_firing_range
Shoals:4: shoals_end_grunt_ice, layout_shoals, nicolae_shoals_isolated_beach
Snake:1:  layout_onion, serial_shops, nicolae_shop_tiny_waterfront, shop, shop,
          shop, nicolae_diamond_shop, minmay_shop_grove, uniq_frances
Snake:2:  layout_chambers, basic_altar, nicolae_snake_salamander_stairs,
          minmay_shoptagon, uniq_aizul, uniq_vashnia, uniq_mlioglotl,
          uniq_louise
Snake:3:  layout_chambers
Snake:4:  johnstein_snake_rune_scales, layout_cave_town,
          nicolae_snake_ghostly_warrior_ritual, uniq_saint_roka
Orc:1:    layout_caves, uniq_erolcha
Orc:2:    st_orc_congregation, layout_caves, uniq_donald
Depths:1: layout_honeycomb, minmay_hedge_maze, lightli_too_deep, abyss_entry,
          kennysheep_okawaru_gauntlet
Depths:2: grunt_runaround [grunt_runaround_loot, grunt_runaround_doors_1,
          grunt_runaround_doors_2, grunt_runaround_doors_3,
          grunt_runaround_doors_4], pan_entry, hell_entry

Skill      XL: |  1  2  3  4  5  6  7  8  9 10 11 12 13 14 15 16 17 18 19 |
---------------+----------------------------------------------------------+-----
Dodging        | 4 5 6 7 9 10 12 13 15 17 19 21 | 21.0
Long Blades    | 4 5 6 7 9 10 12 13 14 | 14.8
Fighting       | 4 5 7 8 10 11 12 14 15 16 18 19 21 | 21.0
Short Blades   | 5 9 12 14 15 17 | 17.2
Stealth        | 5 6 8 9 |  9.0
Shields        | 5 6 9 |  9.0

Action                     |  1- 3 |  4- 6 |  7- 9 | 10-12 | 13-15 | 16-18 | 19-21 || total
---------------------------+-------+-------+-------+-------+-------+-------+-------++-------
  Melee: Falchion          |    70 |    57 |       |       |       |       |       ||   127
         Kick              |    16 |    25 |   103 |   265 |   544 |   855 |   315 ||  2123
         Peck              |     7 |    12 |    57 |   181 |   320 |   532 |   206 ||  1315
         Dagger            |       |    11 |   135 |   116 |    46 |       |       ||   308
         Long sword        |       |       |   171 |    33 |       |       |       ||   204
         Punch             |       |       |     8 |    10 |     6 |       |       ||    24
         Scimitar          |       |       |       |   503 |   166 |       |       ||   669
         Rapier            |       |       |       |       |   500 |       |       ||   500
         Quick blade       |       |       |       |       |   401 |  1705 |   565 ||  2671
  Throw: Stone             |    50 |       |       |       |       |       |       ||    50
         Boomerang         |       |    10 |       |     2 |     6 |    25 |       ||    43
         Javelin           |       |     4 |     8 |       |     2 |    30 |     6 ||    50
         Dart              |       |     4 |     3 |     2 |     2 |       |       ||    11
         Throwing net      |       |       |       |       |     1 |     3 |     3 ||     7
 Invoke: Shadow Step       |       |       |       |       |     4 |     7 |       ||    11
  Evoke: Wand              |       |       |    18 |     2 |     4 |    26 |       ||    50
    Use: Potion            |     1 |     3 |     5 |     2 |    10 |    15 |     1 ||    37
         Scroll            |     5 |     4 |     6 |     2 |    16 |     5 |       ||    38
   Stab: Sleeping          |       |     1 |     4 |       |    28 |    51 |    19 ||   103
         Distracted        |       |       |     2 |       |    14 |    63 |    22 ||   101
         Invisible         |       |       |       |       |     6 |    12 |       ||    18
         Held in net/web   |       |       |       |       |       |     3 |     3 ||     6
         Betrayed ally     |       |       |       |       |       |     1 |       ||     1
 Armour: Robe              |    16 |       |       |       |   117 |   132 |    20 ||   285
         Leather armour    |     3 |       |       |       |       |       |       ||     3
         Ring mail         |     1 |    23 |    85 |    42 |       |       |       ||   151
         Chain mail        |       |       |       |   188 |    59 |       |       ||   247
  Dodge: Dodged            |    62 |    43 |   273 |   749 |   901 |   787 |   151 ||  2966
  Block: Buckler           |       |       |       |       |   185 |   391 |   106 ||   682
         Reflection        |       |       |       |       |       |    25 |     8 ||    33
